 Dungeon Crawl Stone Soup version 0.31-a0-1202-ga8fea8b373 (webtiles) character file.

Game seed: 18037721671546904388

62 Inarius the Trooper (level 3, -12/30 HPs)
             Began as a Mummy Fighter on Dec 12, 2023.
             Killed by divine providence
             ... invoked by an orc priest
              (13 damage)
             ... on level 2 of the Dungeon.
             The game lasted 00:01:02 (1420 turns).

Inarius the Trooper (Mummy Fighter)                 Turns: 1420, Time: 00:01:04

Health: -12/30     AC:  7    Str: 21    XL:     3   Next: 85%
Magic:  3/3        EV:  9    Int:  7    God:
Gold:   136        SH:  4    Dex: 11    Spells: 2/2 levels left

rFire   x . .        a - +0 war axe
rCold   + . .        c - +0 buckler
rNeg    + + +        b - +0 scale mail
rPois   ∞            (no helmet)
rElec   .            (no cloak)
rCorr   .            f - +0 pair of gloves
SInv    .            (no boots)
Will    .....        (no amulet) Stlth
                     (no ring)
HPRegen 0.25/turn    (no ring)
MPRegen 0.08/turn

%: faith
@: no status effects
A: cold resistance 1, negative energy resistance 3, torment resistance 2, heat
vulnerability 1, in touch with death 1, no potions, faith
a: no special abilities


You were on level 2 of the Dungeon.
You visited 1 branch of the dungeon, and saw 2 of its levels.

You collected 136 gold pieces.

Inventory:

Hand Weapons
 a - a +0 war axe (weapon)
Armour
 b - a +0 scale mail (worn)
 c - a +0 buckler (worn)
 f - a +0 pair of gloves (worn)
Jewellery
 h - a +6 ring of strength
 k - a ring of protection from fire
Scrolls
 d - a scroll of revelation {unknown}
 e - 2 scrolls of immolation {unknown}
 g - a scroll of fog {unknown}
 i - 3 scrolls of identify {unknown}
 j - a scroll of butterflies {unknown}
 l - a scroll of blinking {unknown}


   Skills:
 * Level 3.8 Fighting
 + Level 2.2 Axes
 + Level 2.8 Armour
 + Level 2.6 Shields


You had 2 spell levels left.
You didn't know any spells.
Your spell library contained the following spells:

 Spells                   Type           Power      Damage    Failure   Level
 Inner Flame              Hex/Fire       0%         N/A       99%         3
 Flame Wave               Conj/Fire      0%         2d4       100%        4
 Sticky Flame             Conj/Fire      0%         2d3       100%        4


Dungeon Overview and Level Annotations

Branches:
Dungeon (2/15)

Altars:

Shops:
D:1 !


Innate Abilities, Weirdness & Mutations

You are immune to poison.
Your flesh is cold resistant. (rC+)
You are immune to negative energy. (rN+++)
You are immune to unholy pain and torment.
You are vulnerable to heat. (rF-)
You are in touch with the powers of death.
You do not drink.
You have a special connection with the divine. (Faith)


Message History

There are monsters nearby!
The orc shouts!
The orc priest hits you but does no damage.
You slash the orc priest!
The orc priest is heavily wounded.
You closely miss the orc.
The orc wizard mumbles some strange words.
The orc wizard flickers and vanishes!
Deactivating autopickup; reactivate with Ctrl-A.
The orc completely misses you.
You barely miss the orc. The orc closely misses you.
You hit the orc.
The orc is heavily wounded.
The orc hits you with a +0 flail.
You slash the orc!
You kill the orc!
The orc priest hits you but does no damage.
You closely miss the orc priest.
The orc priest is heavily wounded.
The orc priest barely misses you.
You slash the orc priest!
The orc priest is almost dead.
You block the orc priest's attack.
The orc priest hits you but does no damage.
You closely miss the orc priest.
The orc priest is almost dead.
The orc priest mumbles some strange prayers to Beogh against you.
Beogh smites you!
Ouch! That really hurt!
You are too injured to fight recklessly!
You are too injured to fight recklessly!
You are too injured to fight recklessly!
You closely miss the orc priest.
The orc priest is almost dead.
The orc priest invokes the aid of Beogh against you.
Beogh smites you!
* * * LOW HITPOINT WARNING * * *
The orc priest invokes the aid of Beogh against you.
Beogh smites you!
You die...

#...#..#.#...#...#
##..#..#.##.#...##
#.....#....#...##
#...#.######.#.##
#.....# #.#.## . #..##.#
#.#..# ... #..##.#
###'#..#
.....###.....####......#
.....{o@...............#
#################......#
#......# #......#
#......# #......#
#.....## ###.#..# #.#...


You could see an orc priest.

Vanquished Creatures
  3 adders (D:2)
  2 dart slugs (D:1)
  An orc (D:2)
  A ball python (D:1)
  4 bats
  An endoplasm (D:1)
  2 giant cockroaches (D:1)
  2 goblins
  A hobgoblin (D:1)
  3 jackals (D:1)
  2 quokkas (D:1)
  A frilled lizard (D:2)
  3 kobolds (D:2)
  2 rats
28 creatures vanquished.

Notes
Turn   | Place    | Note
-------+----------+-------------------------------------------
     0 | D:1      | Inarius the Mummy Fighter began the quest for the Orb.
     0 | D:1      | Reached XP level 1. HP: 18/18 MP: 1/1
   127 | D:1      | Reached XP level 2. HP: 24/24 MP: 2/2
   160 | D:1      | Found Loiphy's Distillery.
   673 | D:1      | Found a faded altar of an unknown god.
   994 | D:2      | Reached XP level 3. HP: 29/29 MP: 3/3
  1420 | D:2      | HP: 1/30 [orc priest/divine providence (9)]
  1420 | D:2      | Killed from afar by an orc priest

Illustrated notes

Levels and vault maps discovered:
D:1:      lemuel_arrival_room, layout_basic, serial_shops,
          nicolae_shop_back_alley_shop,
          shapermc_ecumenical_altar_mp_urbaneastern, minmay_misc_feat_x
D:2:      layout_basic, nicolae_half_adder

Skill      XL: |  1  2  3 |
---------------+----------+-----
Axes           | 2 |  2.2
Fighting       | |  3.8
Armour         | |  2.8
Shields        | |  2.6

Action                     || total
---------------------------++-------
  Melee: War axe           ||    99
 Armour: Scale mail        ||    86
  Dodge: Dodged            ||    47
  Block: Buckler           ||    19

Table legend: (Time is in decaauts)
 A = Elapsed time spent in this place.
 B = Non-inter-level travel time spent in this place.
 C = Inter-level travel time spent in this place.
 D = Time resting spent in this place.
 E = Time spent auto-exploring this place.
 F = Levels seen in this place.
 G = Mean time per level.
                   A        B        C        D        E       F      G
               +--------+--------+--------+--------+--------+-----+--------+
         Total |   1464 |   1416 |     48 |      0 |   1169 |   2 |  732.0 |
       Dungeon |   1464 |   1416 |     48 |      0 |   1169 |   2 |  732.0 |
               +--------+--------+--------+--------+--------+-----+--------+

Top non-repeatable levels by time:
     D:1: 907 daAuts
     D:2: 557 daAuts
